 Dungeon Crawl Stone Soup version 0.23.1 (webtiles) character file.

Game seed: 1953099089558079277

6443 Kairos the Covert (level 10, -5/76 HPs)
             Began as a Vine Stalker Fighter on Mar 10, 2019.
             Was a Believer of Uskayaw.
             Slain by a killer bee (7 damage)
             ... on level 9 of the Dungeon.
             The game lasted 00:19:23 (7198 turns).

Kairos the Covert (Vine Stalker Fighter)            Turns: 7198, Time: 00:19:24

Health: -5/76      AC:  7    Str: 25    XL:     10   Next: 99%
Magic:  0/21       EV: 10    Int: 10    God:    Uskayaw [**....]
Gold:   459        SH: 11    Dex: 16    Spells: 9/9 levels left

rFire    . . .     SeeInvis .   F - +3 dagger (vamp)
rCold    . . .     Gourm    .   c - +0 shield
rNeg     . . .     Faith    .   b - +0 scale mail
rPois    +         Spirit   +   (helmet restricted)
rElec    .         Reflect  .   (no cloak)
rCorr    .         Harm     .   (no gloves)
MR       +....                  (no boots)
Stlth    ..........             n - amulet of the acrobat
HPRegen  0.62/turn              i - ring of magical power
MPRegen  0.17/turn              H - ring of poison resistance

@: berserking, very quick
A: antennae 1, fangs 3, clever 1, regeneration 1, magic shield, antimagic bite,
no potion heal 3, rot immunity
a: Stomp, Line Pass, Renounce Religion


You were on level 9 of the Dungeon.
You worshipped Uskayaw.
Uskayaw was noncommittal.
You were hungry.

You visited 2 branches of the dungeon, and saw 10 of its levels.
You also visited: Bailey.

You collected 459 gold pieces.

Inventory:

Hand Weapons
 a - a +0 rapier
 h - a +0 dagger
 A - a +3 rapier
 F - a +3 vampiric dagger (weapon)
Missiles
 e - a throwing net (quivered)
 N - 66 tomahawks of returning
Armour
 b - a +0 scale mail (worn)
 c - a +0 shield (worn)
 s - a +3 leather armour of fire resistance
 v - a +2 leather armour of poison resistance
Magical Staves
 E - an uncursed staff of air
 L - an uncursed staff of fire {unknown}
Jewellery
 i - a ring of magical power (left hand)
 n - an amulet of the acrobat (around neck)
 t - an uncursed ring of magical power
 G - an uncursed ring of resist corrosion
 H - a ring of poison resistance (right hand)
Wands
 o - a wand of iceblast (14)
Scrolls
 g - a scroll of magic mapping
 p - 3 scrolls of immolation
 q - 2 scrolls of fog
 r - a scroll of enchant weapon
 x - 3 scrolls of remove curse
 y - a scroll of blinking {unknown}
 I - 2 scrolls of identify
 K - a scroll of fear {unknown}
 Q - a scroll of brand weapon {unknown}
 R - a scroll of teleportation {unknown}
 S - a scroll of amnesia
 U - a scroll of noise {unknown}
Potions
 d - 2 potions of might
 j - a potion of cancellation {unknown}
 k - 6 potions of curing
 l - 6 potions of mutation
 m - 4 potions of invisibility {unknown}
 u - a potion of agility {unknown}
 w - 2 potions of berserk rage
 z - a potion of brilliance {unknown}
 B - 3 potions of haste
 C - 5 potions of heal wounds {unknown}
 D - 2 potions of flight {unknown}
 J - 3 potions of resistance {unknown}
 M - a potion of ambrosia {unknown}
 O - 4 potions of magic {unknown}
 P - a potion of experience {unknown}
Comestibles
 f - 14 rations


   Skills:
 + Level 5.5 Fighting
 * Level 8.9 Short Blades
 + Level 5.3 Armour
 + Level 3.2 Dodging
 * Level 9.1 Stealth
 + Level 6.4 Shields
 * Level 2.2 Invocations
 + Level 0.4 Evocations


You had 9 spell levels left.
You didn't know any spells.
Your spell library was empty.

Dungeon Overview and Level Annotations

Branches:
Dungeon (9/15)             Temple (1/1) D:4            Lair (0/6) D:9
    Orc: D:9-12

Altars:
Ashenzari
Cheibriados
Elyvilon
Fedhas
Gozag
Hepliaklqana
Kikubaaqudgha
Makhleb
Nemelex Xobeh
Okawaru
Qazlal
Ru
Sif Muna
Trog
Uskayaw
Vehumet
Xom
Yredelemnul
Zin
The Shining One

Annotations:
D:6 2 runed translucent doors


Innate Abilities, Weirdness & Mutations

You have razor-sharp teeth.
Your natural rate of healing is unusually fast.
When hurt, damage is shared between your health and your magic reserves.
Your bite disrupts and absorbs the magic of your enemies.
Potions cannot restore your health.
You are immune to rotting.
You have a pair of small antennae on your head.
Your mind is acute. (Int +2)


Message History

You block the killer bee's attack.
Unknown command.
You puncture the killer bee!
You feel better.
You kill the killer bee!
You block the killer bee's attack. The killer bee barely misses you.
You miss the killer bee. Your bite misses the killer bee.
The killer bee stings you!
* * * LOW HITPOINT WARNING * * *
The killer bee stings you but does no damage.
You puncture the killer bee! Your bite misses the killer bee.
The killer bee is severely wounded.
You block the killer bee's attack. The killer bee misses you.
You can now pass through a line of other dancers.
You puncture the killer bee!
You kill the killer bee!
You closely miss the killer bee.
The killer bee stings you but does no damage.
You closely miss the killer bee. Your bite misses the killer bee.
The killer bee stings you!
You die...

#...#
#..........#
###...#
#..........#
###.....#
#........>.#
##......#
#..).......#
.#..#...#
#..........#
.#..#...#
#..§§§.....#
...######
#..§.§§#####
...#
#.§§§§§#
[..#
#.§§@§§#
#..#
#..§§y§#
#..##
#..§§§§#
#...###
#......#
......#####
####[.##
##..#.....#
##.##
#......####
#...#
#.#..###
#.#.#
......#
#.#.#


You could see a killer bee.

Vanquished Creatures
  A two-headed ogre (D:9)
  Pikel (D:8)
  2 hippogriffs
  A human (D:8)
  A yak (D:8)
  3 hogs (D:8)
  3 wargs (D:9)
  3 orc warriors
  A slave (D:8)
  3 ice beasts
  6 ogres
  A black bear (D:7)
  3 phantoms
  A hornet zombie (D:7)
  4 centaurs
  2 bullfrogs
  A wyvern skeleton (D:9)
  A scorpion (D:5)
  5 killer bees (D:9)
  4 wights (D:7)
  2 howler monkeys (D:9)
  4 crimson imps
  A quasit (D:9)
  6 hounds
  8 orc priests
  4 iguanas
  Ijyb (D:3)
  6 orc wizards
  4 worker ants
  A killer bee zombie (D:6)
  A hound skeleton (D:4)
  A hound zombie (D:8)
  A worker ant zombie (D:9)
  23 gnolls
  9 adders
  A shadow imp (D:7)
  3 oozes
  An adder zombie (D:6)
  2 adder skeletons
  4 worms
  2 dart slugs (D:1)
  6 leopard geckos
  24 orcs
  A ball python (D:4)
  6 bats
  4 giant cockroaches
  3 goblins (D:1)
  22 hobgoblins
  4 jackals
  3 quokkas
  2 frilled lizards
  18 kobolds
  A leopard gecko skeleton (D:5)
  8 rats
234 creatures vanquished.

Vanquished Creatures (others)
  A wizard (D:4)
  A slave (D:8)
  A scorpion (D:8)
  A crimson imp (D:8)
4 creatures vanquished.

Grand Total: 238 creatures vanquished

Notes
Turn   | Place    | Note
-------+----------+-------------------------------------------
     0 | D:1      | Kairos the Vine Stalker Fighter began the quest for the
                  | Orb.
     0 | D:1      | Reached XP level 1. HP: 11/11 MP: 2/2
    49 | D:1      | Reached XP level 2. HP: 14/16 MP: 3/3
   246 | D:1      | Reached XP level 3. HP: 20/20 MP: 4/4
   699 | D:2      | Reached skill level 1 in Stealth
   699 | D:2      | Gained mutation: Your natural rate of healing is unusually
                  | fast. [Vine Stalker growth]
   699 | D:2      | Reached XP level 4. HP: 14/24 MP: 5/5
  1007 | D:2      | Found an iron altar of Okawaru.
  1544 | D:3      | Reached XP level 5. HP: 23/28 MP: 6/6
  1551 | D:3      | Found a shimmering altar of Xom.
  1587 | D:3      | Noticed Ijyb
  1650 | D:3      | Killed Ijyb
  1743 | D:3      | Reached skill level 2 in Stealth
  2116 | D:4      | Noticed an ogre
  2249 | D:4      | Killed an ogre
  2249 | D:4      | Reached XP level 6. HP: 13/32 MP: 7/7
  2317 | D:4      | Reached skill level 1 in Dodging
  2349 | D:4      | Found a staircase to the Ecumenical Temple.
  2476 | D:4      | Reached skill level 3 in Stealth
  2640 | D:4      | Found a bloodstained altar of Trog.
  2641 | D:4      | Noticed a wizard
  2647 | D:4      | Killed a wizard
  2706 | D:4      | Reached XP level 7. HP: 36/36 MP: 8/8
  2961 | D:4      | Found a basalt altar of Yredelemnul.
  2961 | D:4      | Found a sparkling altar of Nemelex Xobeh.
  3162 | Temple   | Entered the Ecumenical Temple
  3235 | Temple   | Became a worshipper of Uskayaw the Reveler
  3270 | D:5      | Entered Level 5 of the Dungeon
  3272 | D:5      | Reached * piety under Uskayaw
  3320 | D:5      | Reached ** piety under Uskayaw
  3322 | D:5      | Reached *** piety under Uskayaw
  3506 | D:5      | Found a snail-covered altar of Cheibriados.
  3552 | D:5      | Reached skill level 5 in Short Blades
  3556 | D:5      | Reached skill level 4 in Stealth
  3562 | D:5      | Reached **** piety under Uskayaw
  3566 | D:5      | Gained mutation: You have razor-sharp teeth. [Vine Stalker
                  | growth]
  3566 | D:5      | Reached XP level 8. HP: 42/42 MP: 9/9
  3567 | D:5      | Reached ***** piety under Uskayaw
  3848 | D:5      | Gained mutation: You are clumsy. (Dex -2) [potion of
                  | mutation]
  3848 | D:5      | Gained mutation: Your flesh is heat resistant. (rF+)
                  | [potion of mutation]
  3849 | D:5      | Lost mutation: Your flesh is heat resistant. (rF+) [potion
                  | of mutation]
  3849 | D:5      | Lost mutation: You are clumsy. (Dex -2) [potion of
                  | mutation]
  3849 | D:5      | Gained mutation: You have a pair of small antennae on your
                  | head. [potion of mutation]
  3849 | D:5      | Gained mutation: Your mind is acute. (Int +2) [potion of
                  | mutation]
  3917 | D:6      | Found a runed translucent door.
  3918 | D:6      | Found a runed translucent door.
  4132 | D:6      | Reached skill level 5 in Stealth
  4405 | D:7      | Reached XP level 9. HP: 46/46 MP: 10/10
  4502 | D:7      | Reached skill level 5 in Shields
  4745 | D:7      | Found a hazy altar of Hepliaklqana.
  4761 | D:7      | Reached skill level 6 in Stealth
  5387 | D:8      | Noticed Pikel
  5424 | D:8      | Killed Pikel
  5443 | D:8      | Found a flagged portal.
  5457 | Bailey   | Entered a bailey
  5764 | Bailey   | Reached skill level 5 in Fighting
  5764 | Bailey   | Reached skill level 7 in Stealth
  5797 | Bailey   | Reached XP level 10. HP: 50/51 MP: 11/11
  5995 | D:8      | Found a burning altar of Makhleb.
  5995 | D:8      | Noticed a blizzard demon
  6201 | D:8      | Reached skill level 5 in Armour
  6464 | D:8      | Found a radiant altar of Vehumet.
  6490 | D:8      | Reached skill level 8 in Stealth
  6625 | D:9      | Found a staircase to the Lair.
  6727 | D:9      | Reached skill level 1 in Invocations
  6781 | D:9      | Noticed a two-headed ogre
  6798 | D:9      | Killed a two-headed ogre
  6889 | D:9      | Reached skill level 9 in Stealth
  7194 | D:9      | HP: 1/76 [killer bee (8)]
  7198 | D:9      | Slain by a killer bee

Skill      XL: |  1  2  3  4  5  6  7  8  9 10 |
---------------+-------------------------------+-----
Fighting       | 3 4 5 |  5.5
Short Blades   | 2 3 4 5 6 7 8 |  8.9
Stealth        | 1 2 3 4 5 7 9 |  9.1
Shields        | 3 4 5 6 |  6.4
Armour         | 3 4 5 |  5.3
Dodging        | 1 2 3 |  3.2
Invocations    | 2 |  2.2
Evocations     | |  0.4

Action                   |  1- 3 |  4- 6 |  7- 9 | 10-12 || total
-------------------------+-------+-------+-------+-------++-------
Melee: Rapier            |    19 |    16 |   127 |       ||   162
       Bite              |    39 |   122 |   189 |   105 ||   455
       Dagger            |   104 |   320 |   353 |   282 ||  1059
Throw: Throwing net      |       |       |     1 |       ||     1
Evoke: Wand              |       |       |     3 |       ||     3
  Use: Scroll            |       |     6 |     6 |     3 ||    15
       Potion            |       |       |     3 |     2 ||     5
 Stab: Paralysed         |       |       |    11 |    12 ||    23
       Sleeping          |       |       |     1 |     1 ||     2
       Held in net/web   |       |       |     1 |       ||     1
       Distracted        |       |       |       |     1 ||     1
  Eat: Chunk             |       |     6 |     5 |     4 ||    15
       Ration            |       |       |     3 |       ||     3
Armor: Scale mail        |    39 |    61 |    89 |    65 ||   254
       Leather armour    |       |     4 |       |       ||     4
Dodge: Dodged            |    20 |    87 |   154 |   100 ||   361
Block: Shield            |    50 |    99 |   232 |   106 ||   487
